Map: Torres crepusculares

Players

xXkazperXx

  • Race: Zerg Zerg
  • League: Bronze

Hannibal - Winner!

  • Race: Zerg Zerg
  • League: Bronze

VOD

Have the link to the VOD?

Description

Time

  • Played on: March 17, 2016, 1:33 a.m.
  • Length: 19:31
Show
View Real Time Build Order
Export as new Build Order

xXkazperXx Zerg 

Build Orders: Pool First 

Get SALT Encoding   

  12  0:20  Spawning Pool  
  11  0:22  Drone  
  11  0:26  Drone  
  13  0:37  Overlord  
  13  0:41  Drone  
  14  1:02  Extractor  
  13  1:07  Zergling x6  
  16  1:23  Queen  
  19  1:25  Drone  
  19  1:42  Drone x2  
  21  1:52  Overlord, Roach Warren  
  20  2:06  Drone  
  19  2:36  Roach x3  
  25  2:42  Extractor  
  24  2:44  Spine Crawler  
  24  2:46  Drone x3  
  24  2:47  Spine Crawler  
  25  3:02  Ravager x2  
  27  3:09  Drone x2  
  27  3:12  Overlord x2  
  29  3:33  Drone  
  29  3:34  Drone  
  31  3:57  Hatchery  
  30  4:04  Zergling x6  
  33  4:10  Baneling Nest  
  32  4:32  Lair  
  32  4:33  Metabolic Boost  
  32  4:39  Roach  
  32  4:43  Drone  
  35  5:09  Drone x3  
  35  5:10  Drone x3  
  35  5:13  Drone  
  42  5:26  Baneling x4  
  42  5:27  Baneling x2  
  42  5:29  Baneling  
  42  5:39  Hydralisk Den  
  42  5:40  Drone x2  
  43  5:46  Drone x2  
  45  5:55  Extractor  
  44  5:58  Centrifical Hooks  
  44  6:03  Roach x2  
  48  6:10  Burrow  
  48  6:14  Hydralisk  
  50  6:23  Drone  
  50  6:24  Overlord  
  51  6:43  Roach x3  
  51  6:46  Hydralisk  
  59  6:49  Overlord  
  59  6:59  Lurker Den  
  59  7:20  Roach x2  
  59  7:21  Pneumatized Carapace, Roach  
  65  7:23  Hydralisk  
  65  7:26  Overlord x2  
  67  7:39  Drone  
  68  8:08  Spire  
  67  8:27  Extractor  
  67  8:29  Lurker x2  
  67  8:30  Lurker  
  69  8:36  Spore Crawler  
  69  8:38  Drone x6  
  69  8:39  Spore Crawler  
  69  8:40  Drone x4  
  77  8:46  Queen  
  77  8:48  Overlord x2  
  79  9:05  Hatchery  
  79  9:09  Drone x2  
  80  9:12  Drone  
  80  9:13  Drone  
  80  9:14  Drone x3  
  85  9:50  Drone x5  
  85  9:51  Drone x2  
  92  9:53  Drone x3  
  95  10:29  Mutalisk x2  
  95  10:30  Mutalisk  
  95  10:32  Corruptor x2  
  105  10:50  Overlord  
  104  11:27  Hydralisk x3  
  104  11:29  Hydralisk  
  104  11:31  Overlord x2  
  112  11:41  Infestation Pit  
  111  11:49  Zergling x8  
  111  11:53  Mutalisk x3  
  121  12:06  Spine Crawler  
  121  12:08  Mutalisk x4  
  128  12:20  Baneling x3  
  128  12:21  Baneling x5  
  128  12:22  Overlord x3  
  128  12:26  Neural Parasite  
  128  12:29  Glial Reconstitution  
  128  12:32  Muscular Augments  
  128  12:40  Hive  
  128  12:57  Zergling x4  
  130  13:11  Overseer  
  130  13:13  Hatchery  
  130  13:15  Mutalisk x2  
  133  13:20  Hydralisk x3  
  139  14:14  Greater Spire  
  139  14:18  Ravager x3  
  142  14:38  Extractor  
  141  14:39  Extractor  
  140  14:47  Drone x3  
  143  15:17  Mutalisk x2  
  143  15:20  Hydralisk x3  
  153  15:28  Corruptor  
  155  15:40  Roach  
  155  15:44  Overlord x3  
  155  16:02  Tunneling Claws  
  155  16:05  Corruptor x2  
  96  17:02  Brood Lord x5  
  91  17:16  Mutalisk x3  
  75  17:31  Drone x6  
  75  17:34  Drone x3  
  82  17:55  Drone x3, Queen  
  82  17:56  Queen  
  82  17:57  Drone  
  82  17:58  Hatchery, Drone, Queen  
  90  17:59  Drone x2  
  94  18:11  Overseer  
  94  18:43  Zergling x6  
  94  18:46  Hydralisk  
  99  18:49  Zergling x4  
  99  18:50  Drone  
  99  18:51  Drone x2  
Show
View Real Time Build Order
Export as new Build Order

Hannibal Zerg - Winner!

Build Orders: Pool First 

Get SALT Encoding   

  12  0:01  Drone  
  13  0:10  Drone  
  14  0:32  Spawning Pool  
  13  0:36  Drone  
  13  0:42  Extractor  
  13  0:44  Drone  
  14  0:51  Overlord  
  14  1:12  Drone x2  
  16  1:20  Queen  
  18  1:25  Spine Crawler  
  18  1:27  Zergling x4  
  19  1:42  Roach Warren  
  18  1:48  Drone x2  
  20  2:15  Queen  
  22  2:41  Overlord x2  
  22  2:53  Evolution Chamber  
  22  2:57  Lair  
  21  3:00  Drone x4  
  25  3:17  Extractor  
  25  3:19  Roach x3  
  30  3:21  Zerg Melee Weapons Level 1  
  30  3:39  Roach x2  
  34  3:53  Drone x3  
  37  4:22  Hatchery  
  37  4:24  Glial Reconstitution  
  36  4:27  Metabolic Boost  
  36  4:32  Evolution Chamber  
  35  4:44  Drone x3  
  38  5:07  Overlord x2  
  38  5:08  Overlord  
  38  5:18  Zerg Missile Weapons Level 1  
  38  5:28  Extractor  
  37  5:38  Drone x3  
  40  5:46  Queen  
  43  5:57  Drone x3  
  43  6:03  Drone x4  
  49  6:16  Zerg Ground Armor Level 1  
  49  6:22  Roach  
  49  6:23  Roach x2  
  55  6:29  Overlord  
  55  6:32  Drone x2  
  57  6:33  Drone  
  58  6:44  Drone  
  58  6:45  Extractor  
  58  6:50  Queen  
  60  6:57  Hatchery  
  60  6:59  Overseer  
  59  7:07  Drone x3  
  62  7:22  Zerg Missile Weapons Level 2  
  62  7:26  Roach x4  
  62  7:27  Roach  
  72  7:30  Ravager x2  
  74  8:10  Hatchery  
  74  8:12  Extractor  
  72  8:17  Spore Crawler, Drone  
  72  8:18  Drone x6  
  72  8:19  Drone x4  
  82  8:35  Overlord x3  
  82  9:13  Spore Crawler  
  81  9:39  Drone x3  
  81  9:40  Drone x6  
  81  9:44  Queen  
  92  9:53  Zerg Ground Armor Level 2  
  92  9:54  Zerg Melee Weapons Level 2  
  92  9:59  Overseer  
  92  10:03  Pneumatized Carapace  
  92  10:04  Overseer  
  92  10:23  Roach x5  
  92  10:24  Roach x5  
  112  10:55  Overseer x2  
  112  11:07  Overlord x4  
  112  11:08  Overlord  
  112  11:12  Tunneling Claws  
  112  11:14  Extractor  
  111  11:25  Queen  
  113  11:44  Roach  
  113  11:45  Roach x6  
  113  11:46  Roach x8  
  143  12:15  Drone  
  144  12:19  Overlord x4  
  144  12:20  Overlord  
  144  12:36  Overlord x3  
  144  12:41  Ravager x4  
  144  12:42  Ravager  
  144  12:44  Roach x6  
  155  12:45  Roach x7  
  155  12:46  Roach  
  177  12:54  Infestation Pit  
  176  13:05  Hatchery  
  175  13:36  Hive  
  175  13:39  Burrow  
  175  13:58  Extractor  
  175  14:02  Extractor  
  173  14:27  Hydralisk Den  
  172  14:35  Queen  
  174  14:43  Spore Crawler  
  174  14:45  Spore Crawler  
  172  15:00  Drone x6  
  172  15:01  Drone  
  179  15:25  Spore Crawler x2  
  177  15:55  Roach x45  
  177  16:07  Roach x44  
  175  16:27  Roach x28  
  114  17:04  Roach x11  
  88  17:27  Hydralisk x3  
  88  17:28  Hydralisk x8  
  88  17:29  Hydralisk x3  
  106  17:30  Roach x4  
  106  17:31  Roach x5  
  112  17:46  Zergling x2  
  112  17:47  Zergling x8  
  117  18:02  Spire  
  117  18:03  Spire  
  115  18:06  Roach  
  115  18:07  Roach x7  
  115  18:08  Roach x2  
  135  18:29  Hydralisk  
  135  18:30  Hydralisk x7  
  135  18:31  Hydralisk x7  
  135  18:32  Hydralisk  
Tags
 
Add a new tag
Caveats
  • Supply blocks, unpowered buildings, or Contaminate may cause inaccurate times.
  • Supply counts are checked every 10 seconds.